 Dungeon Crawl Stone Soup version 0.31-a0-631-g285b096dc4 (webtiles) character file.

Game seed: 13627515997612622854

126 howech the Chopper (level 4, -7/40 HPs)
             Began as a Minotaur Berserker on Aug 25, 2023.
             Was a Believer of Trog.
             Killed by nerve-wracking pain
             ... invoked by an orc priest
              (14 damage)
             ... on level 3 of the Dungeon.
             The game lasted 00:04:24 (1728 turns).

howech the Chopper (Minotaur Berserker)             Turns: 1728, Time: 00:04:25

Health: -7/40      AC:  6    Str: 21    XL:     4   Next: 84%
Magic:  3/3        EV: 11    Int:  6    God:    Trog [**....]
Gold:   96         SH:  0    Dex: 10    Spells: 3/3 levels left

rFire   + . .        a - +0 hand axe
rCold   . . .        (no shield)
rNeg    . . .        i - +1 ring mail {rF+}
rPois   .            (helmet restricted)
rElec   .            (no cloak)
rCorr   .            (no gloves)
SInv    .            (no boots)
Will    .....        (no amulet) Stlth
                     (no ring)
HPRegen 0.26/turn    (no ring)
MPRegen 0.08/turn

%: no passive effects
@: no status effects
A: horns 2, retaliatory headbutt
a: Renounce Religion, Berserk, Trog's Hand


You were on level 3 of the Dungeon.
You worshipped Trog.
Trog was pleased with you.
You visited 1 branch of the dungeon, and saw 3 of its levels.

You collected 96 gold pieces.

Inventory:

Hand Weapons
 a - a +0 hand axe (weapon)
Missiles
 c - 2 throwing nets
Armour
 b - a +0 animal skin
 i - a +1 ring mail of fire resistance (worn)
Wands
 k - a wand of mindburst (22)
Scrolls
 d - a scroll of identify {unknown}
 e - a scroll of revelation {unknown}
 h - 2 scrolls of teleportation {unknown}
 j - a scroll of vulnerability {unknown}
Potions
 f - a potion of haste {unknown}
 g - 4 potions of brilliance {unknown}


   Skills:
 + Level 4.1 Fighting
 * Level 4.7 Axes
 + Level 1.2 Throwing
 + Level 3.2 Armour
 + Level 2.7 Dodging
 + Level 1.5 Shields
 + Level 1.2 Evocations


You had 3 spell levels left.
You didn't know any spells.
Your spell library was empty.

Dungeon Overview and Level Annotations

Branches:
Dungeon (3/15)

Altars:


Innate Abilities, Weirdness & Mutations

You have a pair of horns on your head.
You reflexively headbutt those who attack you in melee.


Message History

An orc comes into view. It is wielding a +0 dagger.
The orc priest shouts!
The orc barely misses you.
You see here a +0 club.
You closely miss the orc. Your headbutt misses the orc.
You closely miss the orc priest. The orc hits you but does no damage.
The orc priest hits you but does no damage.
The orc priest hits you with a +0 dagger.
The orc closely misses you.
You hit the orc.
The orc is heavily wounded.
You barely miss the orc priest. The orc hits you with a +0 falchion.
You barely miss the orc.
The orc is heavily wounded.
You barely miss the orc. The orc hits you with a +0 falchion.
You hit the orc.
The orc is heavily wounded.
You hit the orc.
You kill the orc!
Trog accepts your kill.
You hit the frilled lizard.
The orc priest casts a cantrip, but nothing happens.
The frilled lizard bites you.
The orc priest calls down the wrath of Beogh upon you.
Beogh smites you!
* * * LOW HITPOINT WARNING * * *
The orc hits you but does no damage. The orc priest hits you with a +0 club.
* * * LOW HITPOINT WARNING * * *
The frilled lizard attacks as it pursues you!
The frilled lizard closely misses you.
You hit the orc priest but do no damage.
You closely miss the orc. You hit the frilled lizard.
You kill the frilled lizard!
Trog accepts your kill.
You hit the orc priest.
The orc priest hits you with a +0 dagger.
* * * LOW HITPOINT WARNING * * *
The orc priest mumbles some strange prayers to Beogh against you.
Pain shoots through your body!
You die...

#.....# #.....# #.....#
#.....# #.....# ..
#.....#####..#
##.oo.......# #...@o....#
#.###)###.# # #.#...#.#
###.#.#.#.# . #.....#...
....#.#.###.##### #
.................†......##
#
........##..#.#.###......##
# .......##..#....
#.#.....###


You could see 2 orc priests and an orc.

Vanquished Creatures
  Ijyb (D:3)
  A gnoll (D:1)
  2 adders
  4 worms (D:3)
  A dart slug (D:3)
  3 orcs (D:3)
  3 bats
  5 endoplasms
  2 giant cockroaches (D:2)
  3 goblins
  4 hobgoblins
  3 jackals (D:2)
  3 quokkas (D:2)
  7 ball pythons
  4 frilled lizards
  7 kobolds
  A rat (D:2)
54 creatures vanquished.

Notes
Turn   | Place    | Note
-------+----------+-------------------------------------------
     0 | D:1      | howech the Minotaur Berserker began the quest for the Orb.
     0 | D:1      | Reached XP level 1. HP: 19/19 MP: 0/0
    93 | D:1      | Reached XP level 2. HP: 20/27 MP: 1/1
   634 | D:1      | Found a faded altar of an unknown god.
   718 | D:2      | Reached XP level 3. HP: 33/33 MP: 2/2
  1004 | D:2      | Reached ** piety under Trog
  1038 | D:2      | Reached skill level 1 in Throwing
  1146 | D:2      | Reached skill level 1 in Evocations
  1428 | D:3      | Reached skill level 1 in Shields
  1428 | D:3      | Reached XP level 4. HP: 40/40 MP: 3/3
  1534 | D:3      | Noticed Ijyb
  1554 | D:3      | Killed Ijyb
  1728 | D:3      | Killed from afar by an orc priest

Illustrated notes

Levels and vault maps discovered:
D:1:      mrwooster_arrival_statue_2, layout_basic,
          chequers_ecumenical_altar_simple, serial_bayou_pond_e,
          nicolae_concentric_dashed_squares_wild
D:2:      layout_basic
D:3:      layout_rooms, nrook_mini_vaults, grunt_decor_junction,
          minmay_misc_feat_roman, uniq_ijyb

Skill      XL: |  1  2  3  4 |
---------------+-------------+-----
Axes           | 4 |  4.7
Throwing       | 1 |  1.2
Evocations     | 1 |  1.2
Armour         | 3 |  3.2
Shields        | 1 |  1.5
Fighting       | 4 |  4.1
Dodging        | |  2.7

Action                     |  1- 3 |  4- 6 || total
---------------------------+-------+-------++-------
  Melee: Hand axe          |    82 |    48 ||   130
         Headbutt          |     5 |     4 ||     9
         Punch             |     1 |       ||     1
 Invoke: Berserk           |       |     1 ||     1
         Trog's Hand       |       |     1 ||     1
 Armour: Animal skin       |    14 |       ||    14
         Ring mail         |       |    15 ||    15
  Dodge: Dodged            |    78 |    26 ||   104

Table legend: (Time is in decaauts)
 A = Elapsed time spent in this place.
 B = Non-inter-level travel time spent in this place.
 C = Inter-level travel time spent in this place.
 D = Time resting spent in this place.
 E = Time spent auto-exploring this place.
 F = Levels seen in this place.
 G = Mean time per level.
                   A        B        C        D        E       F      G
               +--------+--------+--------+--------+--------+-----+--------+
         Total |   1746 |   1637 |    109 |     62 |   1165 |   3 |  582.0 |
       Dungeon |   1746 |   1637 |    109 |     62 |   1165 |   3 |  582.0 |
               +--------+--------+--------+--------+--------+-----+--------+

Top non-repeatable levels by time:
     D:1: 698 daAuts
     D:2: 616 daAuts
     D:3: 431 daAuts
